 Dungeon Crawl Stone Soup version 0.31-a0-1603-gbec6b6ccbf (webtiles) character file.

Game seed: 17691202956244559237

46 MisterAzrael the Sneak (level 3, -3/19 HPs)
             Began as a Deep Elf Enchanter on Jan 7, 2024.
             Slain by Jessica
             ... wielding a +0 dagger
              (5 damage)
             ... on level 2 of the Dungeon.
             The game lasted 00:02:29 (1421 turns).

MisterAzrael the Sneak (Deep Elf Enchanter)         Turns: 1421, Time: 00:02:29

Health: -3/19      AC:  3    Str:  7    XL:     3   Next: 44%
Magic:  9/10       EV: 12    Int: 19    God:
Gold:   45         SH:  0    Dex: 15    Spells: 7/9 levels left

rFire   . . .        m - +1 dagger (venom)
rCold   + . .        (no shield)
rNeg    . . .        h - +1 robe {rC+}
rPois   .            (no helmet)
rElec   .            (no cloak)
rCorr   .            (no gloves)
SInv    .            (no boots)
Will    .....        (no amulet)
Stlth   +++          (no ring)
HPRegen 0.23/turn    (no ring)
MPRegen 0.12/turn

%: no passive effects
@: brilliant
A: no striking features
a: no special abilities


You were on level 2 of the Dungeon.
You visited 1 branch of the dungeon, and saw 2 of its levels.

You collected 45 gold pieces.

Inventory:

Hand Weapons
 a - a +1 dagger
 m - a +1 dagger of venom (weapon)
Armour
 b - a +0 robe
 h - a +1 robe of cold resistance (worn)
Scrolls
 d - a scroll of poison {unknown}
 e - 2 scrolls of fear {unknown}
 f - 3 scrolls of blinking {unknown}
 g - a scroll of teleportation {unknown}
 i - a scroll of enchant armour {unknown}
 j - a scroll of vulnerability {unknown}
Potions
 c - 2 potions of invisibility
 l - a potion of mutation {unknown}
 n - a potion of lignification {unknown}


   Skills:
 + Level 1.6 Short Blades
 - Level 2.4 Dodging
 * Level 4.6 Stealth
 + Level 3.6 Spellcasting
 + Level 4.4 Hexes


You had 7 spell levels left.
You knew the following spells:

 Your Spells              Type           Power      Damage    Failure   Level
a - Ensorcelled Hibernat  Hex/Ice        34%        N/A       9%          2

Your spell library contained the following spells:

 Spells                   Type           Power      Damage    Failure   Level
 Confusing Touch          Hex            30%        N/A       7%          3
 Tukima's Dance           Hex            30%        N/A       7%          3
 Dazzling Flash           Conj/Hex       34%        N/A       17%         3
 Cause Fear               Hex            15%        N/A       22%         4
 Fireball                 Conj/Fire      2%         3d4       99%         5
 Dragon's Call            Summ           2%         N/A       100%        9


Dungeon Overview and Level Annotations

Branches:
Dungeon (2/15)

Altars:

Annotations:
D:2 Jessica


Message History

The kobold is moderately wounded.
The kobold closely misses you.
You barely miss the kobold.
The kobold is severely wounded.
The kobold hits you with a +0 club.
You hit the kobold.
You kill the kobold!
The rat closely misses you.
You barely miss the rat. The rat closely misses you.
You hit the rat.
You kill the rat!
Jessica the Apprentice Sorceress comes into view.
She is wielding a +0 dagger.
Jessica is nearby!
Found a robe.
Jessica shouts!
You hit Jessica but do no damage.
Jessica looks very angry.
Jessica hits you with a +0 dagger.
You hit Jessica.
Jessica is poisoned.
Jessica is lightly wounded.
Jessica misses you.
You closely miss Jessica.
Jessica is heavily wounded.
Jessica hits you with a +0 dagger. Jessica hits you with a +0 dagger!
* * * LOW HITPOINT WARNING * * *
Jessica attacks as she pursues you! Jessica hits you with a +0 dagger.
* * * LOW HITPOINT WARNING * * *
It was a potion of brilliance.
You feel clever all of a sudden. Jessica casts a spell at you.
You barely resist.
You are too injured to fight recklessly!
Aiming: Ensorcelled Hibernation (safe; 9% risk of failure)
Press: ? - help, Q - select action Shift-Dir - straight line, f - Jessica
Aim: Jessica, wielding a +0 dagger and wearing a +0 robe (severely wounded, very poisoned, chance to affect: 59%)
You feel a surge of power!
Jessica resists with significant effort.
Jessica hits you with a +0 dagger.
You die...

##.....# #######
#[.....#### .......
###......#..## .......
.........#...# .......
#####....#...## ......[
#...#.##.##.).#####.......
#.<.#.##...##.............
#...#.####....####.#..####
#._.#.######....@@....#
#...#..........###....#
#####.######...# ###>.#
...)..### ##...####..###
....>...# ##....#.....##
#######..... ...........
##### #.....#รท#
#.##...######## #
##.###...#.....#


You could see Jessica (poisoned).

Vanquished Creatures
  An adder (D:2)
  A dart slug (D:1)
  2 ball pythons
  2 bats
  3 endoplasms (D:1)
  3 giant cockroaches
  3 goblins
  3 hobgoblins (D:1)
  2 kobolds (D:2)
  2 quokkas (D:2)
  2 frilled lizards
  9 rats
33 creatures vanquished.

Notes
Turn   | Place    | Note
-------+----------+-------------------------------------------
     0 | D:1      | MisterAzrael the Deep Elf Enchanter began the quest for the
                  | Orb.
     0 | D:1      | Reached XP level 1. HP: 10/10 MP: 6/6
   317 | D:1      | Reached XP level 2. HP: 15/15 MP: 8/8
  1028 | D:1      | Learned a level 2 spell: Ensorcelled Hibernation
  1041 | D:2      | Found a faded altar of an unknown god.
  1169 | D:2      | Reached XP level 3. HP: 19/19 MP: 9/9
  1408 | D:2      | Noticed Jessica
  1421 | D:2      | Slain by Jessica

Illustrated notes

Levels and vault maps discovered:
D:1:      matt_arrival_spirals, layout_loops_ring, serial_forest,
          infiniplex_forest_clump_small, infiniplex_forest_lined_3_way,
          infiniplex_forest_end_1, infiniplex_forest_clump_tiny,
          infiniplex_forest_clump_diagonal, chequers_serial_rivers_small_b
D:2:      layout_rooms, nicolae_ecumenical_oubliette, minmay_shallow_snake_nest,
          uniq_jessica

Skill      XL: |  1 |
---------------+----+-----
Stealth        | 4 |  4.6
Short Blades   | |  1.6
Dodging        | |  2.4
Spellcasting   | |  3.6
Hexes          | |  4.4

Action                     || total
---------------------------++-------
  Melee: Dagger            ||    92
         Punch             ||     1
   Cast: Ensorcelled Hiber ||     4
    Use: Potion            ||     1
   Stab: Sleeping          ||    11
 Armour: Robe              ||    39
  Dodge: Dodged            ||    45

Table legend: (Time is in decaauts)
 A = Elapsed time spent in this place.
 B = Non-inter-level travel time spent in this place.
 C = Inter-level travel time spent in this place.
 D = Time resting spent in this place.
 E = Time spent auto-exploring this place.
 F = Levels seen in this place.
 G = Mean time per level.
                   A        B        C        D        E       F      G
               +--------+--------+--------+--------+--------+-----+--------+
         Total |   1416 |   1357 |     59 |    199 |    848 |   2 |  708.0 |
       Dungeon |   1416 |   1357 |     59 |    199 |    848 |   2 |  708.0 |
               +--------+--------+--------+--------+--------+-----+--------+

Top non-repeatable levels by time:
     D:1: 1071 daAuts
     D:2: 344 daAuts
